AoeStats
← danielsilver13

Arabia

517817841Analyzed
1v1 RM · 5d ago on Oct 31, 2026· 20m 21s· 2 players
Game mode
Random Map
Map size
Tiny (2 player)
Population
200
Speed
Normal
Resources
Standard
Victory
Conquest
Starting age
Dark Age
Ending age
Imperial Age
RankedLock teamsTeams togetherTeam positionsShared explorationLock speedFull tech treeHidden civsTurbo modeCheats
Victory
Defeat
🇵🇪 Japanese · Peru
879
+15
vs
🇺🇸 Vietnamese · United States
866
-41
danielsilver13
1:40 Loom
11:41 Feudal Age
12:10 Double-Bit Axe
13:49 Horse Collar
19:07 Padded Archer Armor
ALGISIX
5:37 Loom
10:07 Feudal Age
12:01 Man-at-Arms
13:41 Wheelbarrow
12:52 Double-Bit Axe
15:26 Arson
16:53 Fletching
17:05 Scale Mail Armor
Connection lost

Rejoining the realm…

Still unreachable

The connection could not be restored.

Session expired

The server has moved on; the page needs a fresh start.